 Dungeon Crawl Stone Soup version 0.28.0-43-g3370ac3207 (webtiles) character file.

Game seed: 11519978845013907785

21 nickcage the Skirmisher (level 2, 0/27 HPs)
             Began as a Draconian Abyssal Knight on Mar 14, 2022.
             Was a Follower of Lugonu.
             Killed by nerve-wracking pain
             ... invoked by Jessica
              (9 damage)
             ... on level 2 of the Dungeon.
             The game lasted 00:02:34 (988 turns).

nickcage the Skirmisher (Draconian Abyssal Knight)   Turns: 988, Time: 00:02:34

Health: 0/27       AC:  4    Str: 15    XL:     2   Next: 62%
Magic:  3/3        EV: 12    Int: 10    God:    Lugonu [*.....]
Gold:   39         SH:  0    Dex: 11    Spells: 1/1 levels left

rFire   . . .      SeeInvis .   a - +1 mace
rCold   . . .      Faith    .   (no shield)
rNeg    . . .      Spirit   .   (armour unavailable)
rPois   .          Reflect  .   (helmet restricted)
rElec   .          Harm     .   (no cloak)
rCorr   .          Rampage  .   (no gloves)
Will    .....                   (no boots)
Stlth   +.........              (no amulet)
HPRegen 0.09/turn               (no ring)
MPRegen 0.08/turn               (no ring)

@: no status effects
A: AC +4, unfitting armour, cold-blooded
a: Renounce Religion, Depart the Abyss


You were on level 2 of the Dungeon.
You worshipped Lugonu.
Lugonu was aware of your devotion.
You visited 1 branch of the dungeon, and saw 2 of its levels.
You visited the Abyss 1 time.

You collected 39 gold pieces.

Inventory:

Hand Weapons
 a - a +1 mace (weapon)
Missiles
 d - 39 stones (quivered)
Scrolls
 b - 6 scrolls of identify {unknown}
 c - a scroll of fog {unknown}
 e - a scroll of amnesia {unknown}


   Skills:
 - Level 3.6 Fighting
 + Level 2.6 Maces & Flails
 - Level 2.3 Dodging
 - Level 2.0 Invocations


You had one spell level left.
You didn't know any spells.
Your spell library was empty.

Dungeon Overview and Level Annotations

Branches:
Dungeon (2/15)

Altars:

Annotations:
D:2 Jessica


Innate Abilities, Weirdness & Mutations

Your plain brown scales are hard. (AC +4)
You cannot fit into any form of body armour.
You are cold-blooded and may be slowed by cold attacks.


Message History

The kobold throws a stone.
The stone misses you.
The kobold throws a stone.
The stone barely misses you. The kobold hits you but does no damage.
You closely miss the kobold.
The kobold hits you with a +0 short sword.
You sock the kobold!
You kill the kobold!
Lugonu accepts your kill.
No target in view!
HP restored.
d - 39 stones (gained 3)
You see here a +0 short sword.
As you open the door, it creaks loudly!
You hear an angry hiss.
You hear a shout!
An adder comes into view.
Jessica the Apprentice Sorceress comes into view.
She is wielding a +0 dagger and wearing a +2 robe of the Archmagi.
There is an open door here.
The adder bites you.
You are poisoned.
The adder poisons you! The adder bites you.
You miss the adder.
Your tail-slap misses the adder.
You feel sick. The adder bites you but does no damage.
You barely miss the adder.
You feel sick. The adder bites you.
Jessica gestures wildly.
The adder closely misses you.
You hit the adder but do no damage.
You feel sick. The adder closely misses you.
Jessica drinks a potion.
Jessica seems to grow stronger.
The adder bites you but does no damage.
You feel sick.
You are no longer poisoned.
Jessica hits you with a +0 dagger.
There is an open door here.
The adder bites you.
Jessica casts a spell.
Jessica blinks!
Jessica hits you with a +0 dagger. The adder barely misses you.
Jessica casts a spell at you. Pain shoots through your body!
You die...

###.##########
.......<.....##
###.###....)..#..
.......@......#.. .
#.#.###.S@....#.. ..
#.......#.# ..#
#.......#.# ...#
#.......#.# ....#
###.......#.##.....#
..........'.........
###.......#..#.#.#..
....#######..# #


You could see an adder and Jessica (strong).

Vanquished Creatures
  A ball python (D:1)
  2 giant cockroaches (D:1)
  A goblin (D:1)
  4 jackals (D:1)
  2 quokkas (D:1)
  A frilled lizard (D:1)
  5 kobolds
  4 rats (D:1)
20 creatures vanquished.

Notes
Turn   | Place    | Note
-------+----------+-------------------------------------------
     0 | Abyss:1  | nickcage the Draconian Abyssal Knight began the quest for
                  | the Orb.
     0 | Abyss:1  | Reached XP level 1. HP: 19/19 MP: 2/2
    23 | D:1      | Escaped the Abyss
   108 | D:1      | Reached * piety under Lugonu
   113 | D:1      | Reached XP level 2. HP: 15/27 MP: 3/3
   974 | D:2      | Noticed Jessica
   988 | D:2      | Killed from afar by Jessica

Illustrated notes

Levels and vault maps discovered:
D:1:      scummos_arrival_star, layout_loops_cross,
          chequers_serial_rivers_marsh, minmay_shallow_snake_nest
D:2:      layout_basic, minmay_misc_feat_tower, uniq_natasha, uniq_jessica

Action                   || total
-------------------------++-------
Melee: Mace              ||    54
       Tailslap          ||     4
       Punch             ||     1
Invok: Depart the Abyss  ||     1
 Stab: Sleeping          ||     2
Armor: Skin              ||    19
Dodge: Dodged            ||    39
